 Dungeon Crawl Stone Soup version 0.22.0-60-ga52c2fc (console) character file.

3347 bli the Fighter (level 10, -18/83 HPs)
             Began as a Formicid Abyssal Knight on Sept 10, 2018.
             Was an Elder of Lugonu.
             Demolished by Menkaure (20 damage)
             ... on level 7 of the Dungeon.
             The game lasted 00:33:48 (6066 turns).

bli the Fighter (Formicid Abyssal Knight)           Turns: 6066, Time: 00:33:49

Health: -18/83     AC:  9    Str: 20    XL:     10   Next: 22%
Magic:  20/20      EV: 12    Int: 13    God:    Lugonu [****..]
Gold:   369        SH:  0    Dex: 11    Spells: 9/9 levels left

rFire    . . .     SeeInvis +   a - +9 mace {crush, Str+2}
rCold    . . .     Gourm    .   (no shield)
rNeg     . . .     Faith    .   k - +0 ring mail
rPois    .         Spirit   .   (helmet unavailable)
rElec    .         Reflect  .   (no cloak)
rCorr    .         Harm     .   h - +2 pair of gloves
MR       ++...                  (no boots)
Stlth    +.........             q - amulet of regeneration
HPRegen  0.63/turn              D - ring of magical power
MPRegen  0.17/turn              y - ring of protection from magic

@: marked
A: permanent stasis, dig shafts and tunnels, four strong arms, antennae 3
a: Dig, Shaft Self, Depart the Abyss, Bend Space, Banish, Corrupt, Renounce
Religion


You were on level 7 of the Dungeon.
You worshipped Lugonu.
Lugonu was greatly pleased with you.
You were not hungry.

You visited 1 branch of the dungeon, and saw 7 of its levels.
You visited the Abyss 1 time.

You collected 369 gold pieces.

Inventory:

Hand Weapons
 a - the +9 mace of Compound Interest (weapon) {crush, Str+2}
   (You found it on level 7 of the Dungeon)

   It inflicts extra damage upon your enemies.
   It affects your strength (+2).
 b - a +0 whip of electrocution
 m - a +0 dagger of electrocution
 p - a +0 spear
 B - a +1 hand axe
 J - a +0 trident
Armour
 h - a +2 pair of gloves (worn)
 k - a +0 ring mail (worn)
 r - a +0 chain mail
 s - a +0 leather armour
 F - a +0 scale mail
 M - a +0 leather armour
Jewellery
 q - an amulet of regeneration (around neck)
 u - an uncursed ring of fire
 y - a ring of protection from magic (right hand)
 A - an uncursed amulet of the gourmand
 D - a ring of magical power (left hand)
 G - an uncursed amulet of the gourmand
 I - an uncursed amulet of guardian spirit
 L - an uncursed amulet of rage
Wands
 w - a wand of random effects (37)
 x - a wand of flame (58)
 N - a wand of disintegration (10)
Scrolls
 d - a scroll of fear {unknown}
 g - 3 scrolls of teleportation
 j - 2 scrolls of enchant armour {unknown}
 l - 4 scrolls of amnesia
 t - 2 scrolls of remove curse
 z - a scroll of fog {unknown}
 C - 2 scrolls of immolation {unknown}
 E - a scroll of enchant weapon {unknown}
 H - 2 scrolls of identify {unknown}
Potions
 e - 2 potions of lignification {unknown}
 f - a potion of curing {unknown}
 i - a potion of might {unknown}
 n - a potion of haste {unknown}
 o - a potion of flight
 v - a potion of invisibility {unknown}
 K - a potion of agility {unknown}
 P - 2 potions of resistance {unknown}
Comestibles
 c - 15 rations
 O - 3 chunks of flesh


   Skills:
 * Level 9.1 Fighting
 - Level 3.0(6.6) Axes
 * Level 8.0(8.3) Maces & Flails
 - Level 4.3(4.8) Polearms
 - Level 5.2 Armour
 - Level 3.5 Dodging
 + Level 2.1 Stealth
 + Level 2.4 Invocations


You had 9 spell levels left.
You didn't know any spells.
Your spell library was empty.

Dungeon Overview and Level Annotations

Branches:
Dungeon (7/15)             Temple (0/1) D:5

Altars:
Ashenzari
Dithmenos
Qazlal
Ru
Trog
Vehumet
Yredelemnul

Shops:
D:6 (

Annotations:
D:7 Menkaure


Innate Abilities, Weirdness & Mutations

You cannot be hasted, slowed, berserked, paralysed or teleported.
You can dig through walls and to a lower floor.
Your four strong arms can wield two-handed weapons with a shield.
You have a pair of large antennae on your head. (SInv)


Message History

Menkaure calls on the powers of darkness!
Your body is wracked with pain!
The goblin hits you but does no damage.
There is an open door, spattered with blood here.
Items here: ! ) ? [ †††† a long sword; a scale mail; 3 orange potions; a scroll labeled LAFOMP JEAGOA; a a ball python corpse; a bullfrog corpse; the human corpse of Harold You hit Menkaure.
Menkaure is moderately damaged.
Menkaure hits you!
* * * LOW HITPOINT WARNING * * *
The goblin barely misses you.
You hit Menkaure.
Menkaure is heavily damaged.
Menkaure hits you!
* * * LOW HITPOINT WARNING * * *
You barely miss Menkaure.
Menkaure is heavily damaged.
The goblin hits you but does no damage. Menkaure hits you!!
You die...

#...........# ########...###..###
#..........###..#.. #######
#.....#.........#.. #<....#
#.....#.........#.. #.....#
#.....#.........).. #...[.#
#.....#.........#.)
#....##########....(#.........#..
#....##.......#.....#.........#..
#....#.)......#.....###..##.###..
#....'.[......##@##########.#....
##...##[.......gM....#......#....
##...##..............#......+....
.....................#......#....
..............##'######'###.....[
.....##...(...#............######
##...##[......#............#
##...##.......#............#
......#.......#............#
......#.......#............#####
......#...(...#.'#######'..#...#


You could see Menkaure and a goblin.

Vanquished Creatures
  Harold (D:7)
  Joseph (D:7)
  Eustachio (D:5)
  A steam dragon (D:6)
  2 sky beasts
  2 ice beasts
  An ogre (D:6)
  3 phantoms (D:5)
  The ghost of kalagan the Caller, an amateur DESu (D:3)
  Blork the orc (D:6)
  2 bullfrogs
  A water moccasin zombie (D:6)
  2 scorpions (D:6)
  The ghost of Markonkel the Cudgeler, a weakling TrBe of Trog (D:4)
  3 howler monkeys
  2 crimson imps (D:6)
  2 hounds
  2 orc priests
  2 orc wizards (D:7)
  Jessica (D:5)
  2 worker ants
  Natasha (twice) (D:4)
  An iguana (D:6)
  4 gnolls
  19 adders
  3 shadow imps (D:6)
  2 oozes
  An adder zombie (D:5)
  3 worms
  2 dart slugs (D:1)
  2 leopard geckos
  8 orcs
  6 ball pythons
  14 bats
  9 giant cockroaches
  12 goblins
  10 hobgoblins
  10 jackals
  7 kobolds
  2 quokkas
  5 frilled lizards
  A leopard gecko zombie (D:6)
  A quokka skeleton (D:4)
  5 rats
163 creatures vanquished.

Vanquished Creatures (others)
  2 withered plants (D:4)
2 creatures vanquished.

Grand Total: 165 creatures vanquished

Notes
Turn   | Place    | Note
-------+----------+-------------------------------------------
     0 | Abyss:1  | bli the Formicid Abyssal Knight began the quest for the
                  | Orb.
     0 | Abyss:1  | Reached XP level 1. HP: 18/18 MP: 2/2
    20 | Abyss:2  | Noticed an orange demon
    54 | Abyss:3  | Found a corrupted altar of Lugonu.
    58 | Abyss:3  | Found a snail-covered altar of Cheibriados.
    70 | Abyss:3  | Noticed an earth elemental
    72 | D:1      | Escaped the Abyss
   202 | D:1      | Reached XP level 2. HP: 18/25 MP: 3/3
   366 | D:1      | Reached * piety under Lugonu
   474 | D:1      | Reached skill level 4 in Fighting
   688 | D:1      | Reached skill level 1 in Dodging
   736 | D:1      | Reached XP level 3. HP: 29/30 MP: 4/4
  1432 | D:2      | Reached XP level 4. HP: 31/37 MP: 5/5
  1631 | D:2      | Reached ** piety under Lugonu
  1986 | D:3      | Noticed Jessica
  2068 | D:3      | Reached XP level 5. HP: 31/43 MP: 6/6
  2188 | D:3      | Reached skill level 1 in Polearms
  2392 | D:3      | Reached XP level 6. HP: 40/49 MP: 7/7
  2532 | D:3      | Found a stormy altar of Qazlal.
  2534 | D:3      | Found a radiant altar of Vehumet.
  2615 | D:3      | Found a runed door.
  2625 | D:3      | Noticed kalagan's ghost (amateur DESu)
  3450 | D:4      | Noticed Natasha
  3486 | D:4      | Killed Natasha
  3486 | D:4      | Reached *** piety under Lugonu
  3557 | D:4      | Found a shattered altar of Ashenzari.
  3578 | D:4      | Reached skill level 5 in Fighting
  3583 | D:4      | Found a runed door.
  3584 | D:4      | Noticed Markonkel's ghost (weakling TrBe)
  3827 | D:4      | Noticed Natasha
  3839 | D:4      | Killed Natasha
  3839 | D:4      | Reached XP level 7. HP: 37/56 MP: 8/8
  3909 | D:5      | Entered Level 5 of the Dungeon
  4041 | D:5      | Noticed Eustachio
  4084 | D:5      | Killed Eustachio
  4248 | D:5      | Reached XP level 8. HP: 63/63 MP: 9/9
  4296 | D:5      | Found a staircase to the Ecumenical Temple.
  4381 | D:5      | Killed Jessica
  4415 | D:5      | Reached skill level 5 in Armour
  4531 | D:5      | Reached skill level 6 in Fighting
  4710 | D:6      | Reached skill level 1 in Maces & Flails
  4887 | D:6      | Found Jenus's Weapon Shop.
  4900 | D:6      | Noticed Blork the orc
  4915 | D:6      | Killed Blork the orc
  4984 | D:6      | Found a bloodstained altar of Trog.
  4984 | D:6      | Found a shadowy altar of Dithmenos.
  5040 | D:6      | Reached XP level 9. HP: 70/71 MP: 10/10
  5050 | D:6      | Found a basalt altar of Yredelemnul.
  5105 | D:6      | Reached **** piety under Lugonu
  5105 | D:6      | Reached skill level 7 in Fighting
  5441 | D:7      | Got a bloodstained mace
  5442 | D:7      | Identified the +9 mace of Compound Interest {crush, Str+2}
                  | (You found it on level 7 of the Dungeon)
  5537 | D:6      | Reached skill level 8 in Fighting
  5537 | D:6      | Reached skill level 5 in Maces & Flails
  5537 | D:6      | Reached skill level 1 in Stealth
  5679 | D:3      | Killed kalagan's ghost
  5748 | D:4      | Killed Markonkel's ghost
  5848 | D:7      | Found a sacrificial altar of Ru.
  5911 | D:7      | Noticed Joseph
  5928 | D:7      | Killed Joseph
  6024 | D:7      | Noticed Harold
  6050 | D:7      | Killed Harold
  6050 | D:7      | Reached skill level 9 in Fighting
  6050 | D:7      | Reached XP level 10. HP: 41/83 MP: 11/11
  6061 | D:7      | Noticed Menkaure
  6065 | D:7      | HP: 1/83 [Menkaure (15)]
  6066 | D:7      | Demolished by Menkaure

Skill      XL: |  1  2  3  4  5  6  7  8  9 10 |
---------------+-------------------------------+-----
Fighting       | 4 5 6 9 |  9.1
Dodging        | 1 2 3 |  3.5
Axes           | 3 |  3.0
Armour         | 3 4 5 |  5.2
Polearms       | 1 3 4 |  4.3
Maces & Flails | 3 7 8 |  8.0
Stealth        | 2 |  2.1
Invocations    | |  2.4

Action                   |  1- 3 |  4- 6 |  7- 9 | 10-12 || total
-------------------------+-------+-------+-------+-------++-------
Melee: Hand axe          |    93 |       |    25 |       ||   118
       Spear             |     9 |   346 |   119 |       ||   474
       Trident           |       |       |    44 |       ||    44
       Whip              |       |       |   194 |       ||   194
       Mace              |       |       |    75 |    15 ||    90
Invok: Depart the Abyss  |     1 |       |       |       ||     1
 Abil: Dig               |       |       |     1 |       ||     1
  Use: Scroll            |       |     1 |     3 |       ||     4
       Potion            |       |       |     1 |       ||     1
 Stab: Paralysed         |       |       |     2 |       ||     2
  Eat: Chunk             |     2 |     8 |     8 |       ||    18
Armor: Leather armour    |    45 |    25 |    23 |       ||    93
       Ring mail         |       |    82 |   142 |     5 ||   229
Dodge: Dodged            |    65 |   181 |   251 |     8 ||   505
